 Dungeon Crawl Stone Soup version 0.20-a0-556-g892c87b (webtiles) character file.

11890 w00t the Protected (level 11, -9/105 HPs)
             Began as a Minotaur Abyssal Knight on Feb 5, 2017.
             Was the Champion of Lugonu.
             Mangled by a death yak (18 damage)
             ... on level 8 of the Dungeon.
             The game lasted 00:18:12 (10509 turns).

w00t the Protected (Minotaur Abyssal Knight)       Turns: 10509, Time: 00:18:13

Health: -9/105     AC: 29    Str: 26    XL:     11   Next: 55%
Magic:  11/11      EV: 16    Int: 19    God:    Lugonu [******]
Gold:   370        SH:  0    Dex: 12    Spells: 10/10 levels left

rFire    + + .     SeeInvis .   b - +1 dire flail (protect)
rCold    . . .     Gourm    .   p - +4 ring mail "Ozanuw" {*Drain rF+ Str+5 Int+4}
rNeg     . . .     Faith    .   (shield currently unavailable)
rPois    +         Spirit   .   (helmet unavailable)
rElec    .         Reflect  .   l - +0 cloak
rCorr    .         Harm     .   k - +1 pair of gloves
MR       +....                  H - +2 pair of boots of the Quahog {MR+ Int+4 Stlth-}
Stlth    ..........             P - amulet of regeneration {+regen, !d}
Regen    0.7/turn               (no ring)
                                t - +3 ring of strength

@: protection aura
A: retaliatory headbutt, horns 3, rugged brown scales 1, slimy green scales 1,
clever 1, fire resistance 1, poison resistance, subdued magic 1
a: Depart the Abyss, Bend Space, Banish, Corrupt, Enter the Abyss, Brand Weapon
With Distortion, Renounce Religion


You were on level 8 of the Dungeon.
You worshipped Lugonu.
Lugonu was exalted by your worship.
You were not hungry.

You visited 1 branch of the dungeon, and saw 10 of its levels.
You visited the Abyss 1 time.

You collected 531 gold pieces.
You spent 161 gold pieces at shops.

Inventory:

Hand Weapons
 a - a +2 war axe
 b - a +1 dire flail of protection (weapon)
Missiles
 e - 5 tomahawks
 j - 207 stones (quivered)
 y - 4 silver tomahawks
 E - 4 javelins
Armour
 k - a +1 pair of gloves (worn)
 l - a +0 cloak (worn)
 p - the +4 ring mail "Ozanuw" (worn) {*Drain rF+ Str+5 Int+4}
   (You found it on level 10 of the Dungeon)

   It affects your strength (+5).
   It affects your intelligence (+4).
   It protects you from fire.
   It causes draining when unequipped.
 F - a +0 plate armour
 H - the +2 pair of boots of the Quahog (worn) {MR+ Int+4 Stlth-}
   (You bought it in a shop on level 6 of the Dungeon)

   It affects your intelligence (+4).
   It affects your resistance to hostile enchantments.
   It makes you less stealthy.
Jewellery
 t - a +3 ring of strength (left hand)
 P - an amulet of regeneration (around neck) {+regen, !d}
Wands
 q - a wand of clouds (4/9)
Scrolls
 g - 4 scrolls of teleportation
 h - 11 scrolls of identify {@r1}
 m - 2 scrolls of fog
 r - 3 scrolls of remove curse {@r2}
 u - a scroll of vulnerability {unknown}
 C - 2 scrolls of blinking {!r}
Potions
 i - a potion of curing {unknown}
Comestibles
 c - 8 bread rations
 d - 5 chunks of flesh
 f - 7 royal jellies
 n - a fruit
 x - 4 meat rations


   Skills:
 + Level 11.3 Fighting
 - Level 8.0(9.6) Axes
 + Level 8.3(9.8) Maces & Flails
 + Level 11.4 Armour
 + Level 10.0 Dodging
 - Level 1.7 Invocations


You had 10 spell levels left.
You didn't know any spells.

Dungeon Overview and Level Annotations

Branches:
Dungeon (10/15)            Temple (0/1) D:6            Lair (0/6) D:9
    Orc (0/2) D:9

Altars:
Elyvilon
Hepliaklqana
Kikubaaqudgha
Nemelex Xobeh
Qazlal
Trog
Vehumet

Shops:
D:5 =   D:6 *   D:10 =

Annotations:
D:8 exclusion: downstairs


Innate Abilities, Weirdness & Mutations

You reflexively headbutt those who attack you in melee.
You have a pair of large horns on your head.
You are partially covered in rugged brown scales. (AC +1, +3% HP)
You are partially covered in slimy green scales. (AC +2)
Your mind is acute. (Int +2)
Your flesh is heat resistant. (rF+)
Your system is resistant to poisons. (rPois)
Your spells are a little easier to cast, but a little less powerful.


Message History

You headbutt the death yak, but do no damage.
The death yak is moderately wounded.
The death yak gores you!
* * * LOW HITPOINT WARNING * * *
You hit the death yak but do no damage. Your headbutt misses the death yak.
The death yak is moderately wounded.
The death yak closely misses you.
You hit the death yak but do no damage.
The death yak is moderately wounded.
The death yak gores you!
* * * LOW HITPOINT WARNING * * *
It was a potion of agility.
You feel agile all of a sudden.
The death yak gores you but does no damage.
It was a potion of cancellation.
Your magical effects are unravelling.
You feel magically purged.
You feel a little less agile now. The death yak gores you!!
You die...

#############
##.....#.....##
#####.............##
..##...............#
..##.......[.......#
..##...............#
..##...........†.Y.#
..##............@..#
..##..............##
.[#..#.....#.....##
..[.........######
............#
............#
##..........#
##..........#
###.........#


You could see a death yak.

Vanquished Creatures
  3 two-headed ogres
  3 death yaks
  Pikel (D:6)
  Maurice (D:8)
  A troll (D:9)
  A wyvern (D:8)
  A hungry ghost (D:8)
  16 yaks
  Edmund (D:6)
  Duvessa (D:7)
  A water moccasin (D:7)
  A sky beast (D:9)
  An ice beast (D:7)
  A phantom (D:6)
  3 black bears
  5 orc warriors
  An eye of draining (D:9)
  2 ogres
  A centaur (D:5)
  A crocodile (D:8)
  A gnoll sergeant (D:8)
  Blork the orc (D:6)
  5 bullfrogs
  A wyvern skeleton (D:10)
  2 scorpions
  Dowan (D:7)
  2 killer bees (D:5)
  9 wights
  2 crimson imps
  A bullfrog zombie (D:9)
  5 howler monkeys
  2 quasits (D:9)
  A bullfrog skeleton (D:9)
  A centaur zombie (D:7)
  5 hounds
  4 iguanas
  3 jellies
  8 orc wizards
  A centaur skeleton (D:8)
  Jessica (D:3)
  Ijyb (D:2)
  Terence (D:3)
  12 worker ants
  A hound zombie (D:9)
  2 hound skeletons
  A howler monkey zombie (D:10)
  2 worker ant zombies
  6 gnolls
  18 adders
  A shadow imp (D:6)
  2 oozes
  An adder skeleton (D:5)
  2 worms
  2 dart slugs (D:2)
  7 leopard geckos
  38 orcs
  9 bats
  10 giant cockroaches
  11 goblins
  10 hobgoblins
  17 jackals
  8 kobolds
  3 quokkas
  2 ball pythons
  6 frilled lizards
  A leopard gecko skeleton (D:4)
  5 rats
  A butterfly (D:5)
282 creatures vanquished.

Vanquished Creatures (others)
  2 slaves (D:6)
  A centaur skeleton (D:6)
  A goblin (D:3)
  A kobold (D:3)
5 creatures vanquished.

Grand Total: 287 creatures vanquished

Notes
Turn   | Place    | Note
-------+----------+-------------------------------------------
     0 | Abyss:1  | w00t the Minotaur Abyssal Knight began the quest for the Orb.
     0 | Abyss:1  | Reached XP level 1. HP: 19/19 MP: 1/1
   102 | Abyss:1  | Found a corrupted altar of Lugonu.
   165 | D:1      | Escaped the Abyss
   445 | D:1      | Reached XP level 2. HP: 23/27 MP: 2/2
  1098 | D:1      | Reached ** piety under Lugonu
  1208 | D:1      | Reached XP level 3. HP: 33/33 MP: 3/3
  1889 | D:2      | Reached XP level 4. HP: 40/40 MP: 4/4
  2252 | D:2      | Noticed Ijyb
  2283 | D:2      | Killed Ijyb
  2283 | D:2      | Reached XP level 5. HP: 38/47 MP: 5/5
  2857 | D:3      | Noticed Jessica
  2864 | D:3      | Killed Jessica
  2864 | D:3      | Reached *** piety under Lugonu
  3073 | D:3      | Reached skill level 5 in Fighting
  3098 | D:3      | Reached XP level 6. HP: 52/56 MP: 6/6
  3401 | D:3      | Noticed Terence
  3418 | D:3      | Killed Terence
  3539 | D:3      | Found a stormy altar of Qazlal.
  3647 | D:4      | Found a sparkling altar of Nemelex Xobeh.
  3691 | D:4      | Reached skill level 5 in Axes
  3691 | D:4      | Reached skill level 5 in Armour
  3899 | D:4      | Reached XP level 7. HP: 61/61 MP: 7/7
  4467 | D:5      | Entered Level 5 of the Dungeon
  4782 | D:5      | Reached **** piety under Lugonu
  4826 | D:5      | Reached XP level 8. HP: 54/71 MP: 8/8
  4933 | D:5      | Found Iteep's Jewellery Shoppe.
  4980 | D:5      | Reached skill level 5 in Dodging
  5269 | D:5      | Found a runed door.
  5290 | D:5      | Found a runed door.
  5446 | D:6      | Found Qysetekupt's Assorted Antiques.
  5454 | D:6      | Bought a pair of encrusted boots for 161 gold pieces
  5459 | D:6      | Identified the +2 pair of boots of the Quahog {MR+ Int+4 Stlth-} (You bought it in a shop on level 6 of the Dungeon)
  5613 | D:6      | Found a hazy altar of Hepliaklqana.
  5738 | D:6      | Found a staircase to the Ecumenical Temple.
  5797 | D:6      | Noticed Edmund
  5815 | D:6      | Killed Edmund
  5946 | D:6      | Noticed Pikel
  5958 | D:6      | Gained mutation: Your mind is acute. (Int +2) [potion of mutation]
  5958 | D:6      | Gained mutation: You have a pair of large horns on your head. [potion of mutation]
  5958 | D:6      | Gained mutation: Scrolls take you a little longer to read. [potion of mutation]
  5965 | D:6      | Killed Pikel
  5965 | D:6      | Reached XP level 9. HP: 15/81 MP: 9/9
  6279 | D:6      | Lost mutation: Your mind is acute. (Int +2) [potion of mutation]
  6279 | D:6      | Gained mutation: Your system is resistant to poisons. (rPois) [potion of mutation]
  6279 | D:6      | Gained mutation: Your flesh is heat resistant. (rF+) [potion of mutation]
  6280 | D:6      | Gained mutation: You are partially covered in slimy green scales. (AC +2) [potion of mutation]
  6281 | D:6      | Gained mutation: Your mind is acute. (Int +2) [potion of mutation]
  6281 | D:6      | Gained mutation: You are partially covered in rugged brown scales. (AC +1, +3% HP) [potion of mutation]
  6282 | D:6      | Gained mutation: Your spells are a little easier to cast, but a little less powerful. [potion of mutation]
  6282 | D:6      | Lost mutation: Scrolls take you a little longer to read. [potion of mutation]
  6295 | D:6      | Noticed Blork the orc
  6297 | D:6      | Killed Blork the orc
  6733 | D:7      | Reached skill level 1 in Maces & Flails
  6739 | D:7      | Reached ***** piety under Lugonu
  6994 | D:7      | Noticed Duvessa
  6994 | D:7      | Noticed Dowan
  7002 | D:7      | Killed Dowan
  7006 | D:7      | Killed Duvessa
  7505 | D:7      | Found an ancient bone altar of Kikubaaqudgha.
  7505 | D:7      | Found a radiant altar of Vehumet.
  7781 | D:8      | Found a white marble altar of Elyvilon.
  7830 | D:8      | Noticed a two-headed ogre
  7846 | D:8      | Killed a two-headed ogre
  7846 | D:8      | Reached XP level 10. HP: 53/93 MP: 10/10
  8299 | D:8      | Noticed Maurice
  8319 | D:8      | Killed Maurice
  8336 | D:8      | Reached skill level 5 in Maces & Flails
  8707 | D:9      | Found a staircase to the Orcish Mines.
  8840 | D:9      | Noticed a death yak
  8841 | D:9      | Noticed a death yak
  8849 | D:9      | Noticed a death yak
  8850 | D:9      | Noticed a death yak
  8850 | D:9      | Noticed a death yak
  8873 | D:8      | Killed a death yak
  8873 | D:8      | Reached skill level 10 in Fighting
  8873 | D:8      | Reached skill level 10 in Armour
  9156 | D:9      | Found a bloodstained altar of Trog.
  9311 | D:9      | Found a staircase to the Lair.
  9661 | D:9      | Noticed a two-headed ogre
  9674 | D:9      | Killed a two-headed ogre
  9776 | D:9      | Noticed a two-headed ogre
  9800 | D:9      | Killed a two-headed ogre
  9800 | D:9      | Reached XP level 11. HP: 83/104 MP: 11/11
  9901 | D:10     | Entered Level 10 of the Dungeon
  9924 | D:10     | Reached ****** piety under Lugonu
  9957 | D:10     | Got a jewelled ring mail
 10013 | D:10     | Identified the +4 ring mail "Ozanuw" {*Drain rF+ Str+5 Int+4} (You found it on level 10 of the Dungeon)
 10446 | D:10     | Found Haeg's Jewellery Shop.
 10489 | D:9      | Killed a death yak
 10503 | D:8      | Killed a death yak
 10503 | D:8      | Reached skill level 10 in Dodging
 10509 | D:8      | Mangled by a death yak

Vault maps used:
D:1:      co_arrival_random_square_maze, minmay_crystal_water
D:2:      kennysheep_six_static_rooms, uniq_iyjb
D:3:      nicolae_qazlal_eye_of_the_storm, minmay_misc_feat_encased,
          uniq_terence, uniq_jessica
D:4:      fountainhead, moated_statue, nemelex_diamond_rough_becter
D:5:      lemuel_insect_pit, first_bread, serial_shops, shop
D:6:      lemuel_doored_altar, minmay_temple_entry_purple_smoke, serial_shops,
          shop, uniq_edmund, uniq_pikel, uniq_blork_the_orc
D:7:      gammafunk_temple_overflow_elements, uniq_duvessa
D:8:      kennysheep_blocky_hall, basic_altar, uniq_maurice
D:9:      overflow_temple_1_default, dpeg_lair_monsters, david_orc_2
D:10:     serial_shops, nicolae_shop_window_shopping

Skill      XL: |  1  2  3  4  5  6  7  8  9 10 11 |
---------------+----------------------------------+-----
Axes           | 3 4 5 6 7 8 |  8.0
Armour         | 3 4 5 6 8 9 10 11 | 11.4
Fighting       | 4 5 6 8 9 10 11 | 11.3
Dodging        | 2 3 4 6 7 9 10 | 10.0
Maces & Flails | 4 7 8 |  8.3
Invocations    | |  1.7

Action                   |  1- 3 |  4- 6 |  7- 9 | 10-12 || total
-------------------------+-------+-------+-------+-------++-------
Melee: Hand axe          |    88 |   193 |   201 |       ||   482
       Headbutt          |     9 |    32 |    66 |    73 ||   180
       Dire flail        |       |       |   102 |   331 ||   433
       War axe           |       |       |    43 |     7 ||    50
Throw: Stone             |    71 |    81 |    18 |     5 ||   175
  Use: Scroll            |       |       |     8 |     2 ||    10
       Potion            |       |       |     8 |     2 ||    10
  Eat: Chunk             |     3 |     7 |     7 |     6 ||    23
       Meat ration       |       |       |     1 |       ||     1
       Bread ration      |       |       |       |     1 ||     1
Armor: Leather armour    |    19 |     4 |       |       ||    23
       Chain mail        |       |   100 |    39 |       ||   139
       Plate armour      |       |       |   198 |   142 ||   340
       Skin              |       |       |     6 |       ||     6
       Ring mail         |       |       |       |    58 ||    58
Dodge: Dodged            |    54 |    73 |   128 |   177 ||   432
